 Dungeon Crawl Stone Soup version 0.31-a0-750-gfe7b580527 (webtiles) character file.

Game seed: 5044691942495094624

299 Dittersdorf the Trooper (level 6, 0/40 HPs)
             Began as a Gargoyle Fighter on Sept 14, 2023.
             Slain by a cerulean imp
             ... wielding a +0 spear
             ... summoned by Natasha
              (2 damage)
             ... on level 4 of the Dungeon.
             The game lasted 00:05:23 (3266 turns).

Dittersdorf the Trooper (Gargoyle Fighter)          Turns: 3266, Time: 00:05:23

Health: 0/40       AC:  0    Str: 21    XL:     6   Next: 36%
Magic:  6/6        EV: 17    Int:  9    God:
Gold:   134        SH:  0    Dex: 14    Spells: 5/5 levels left

rFire   . . .        j - melded +2 mace (protect)
rCold   . . .        c - melded +0 buckler
rNeg    + . .        y - melded +0 chain mail
rPois   ∞            (helmet currently unavailable)
rElec   .            (cloak currently unavailable)
rCorr   .            (gloves currently unavailable)
SInv    .            (boots currently unavailable)
Will    .....        (no amulet)
Stlth   +            (ring currently unavailable)
HPRegen 0.26/turn    (ring currently unavailable)
MPRegen 0.10/turn

%: no passive effects
@: bat-form, flying, very quick
A: fast, flying, no casting, sickness immunity, AC +4, tiny, negative energy
resistance 1, (electricity resistance), torment resistance 1, petrification
resistance
a: no special abilities


You were on level 4 of the Dungeon.
You were a bat.
You visited 1 branch of the dungeon, and saw 4 of its levels.
You also visited: Sewer.

You collected 134 gold pieces.

Inventory:

Hand Weapons
 a - a +0 flail
 j - a +2 mace of protection (melded)
Missiles
 o - 3 throwing nets
 q - 3 darts of dispersal
 w - 6 curare-tipped darts (quivered)
Armour
 c - a +0 buckler (melded)
 y - a +0 chain mail (melded)
Scrolls
 g - 7 scrolls of teleportation {unknown}
 h - a scroll of noise {unknown}
 k - 2 scrolls of enchant armour {unknown}
 m - 3 scrolls of identify {unknown}
 n - a scroll of fog {unknown}
 s - a scroll of enchant weapon {unknown}
 t - a scroll of amnesia {unknown}
 u - a scroll of summoning {unknown}
 A - 3 scrolls of acquirement {unknown}
Potions
 b - a potion of attraction {unknown}
 d - 3 potions of might
 e - 2 potions of haste {unknown}
 f - 3 potions of invisibility {unknown}
 i - a potion of curing {unknown}
 l - 4 potions of brilliance {unknown}
 p - a potion of berserk rage {unknown}
 r - 2 potions of heal wounds {unknown}
 v - a potion of mutation {unknown}
 x - a potion of lignification {unknown}
 z - a potion of enlightenment {unknown}


   Skills:
 + Level 4.8 Fighting
 + Level 3.6 Maces & Flails
 + Level 4.6 Armour
 + Level 4.7 Shields


You had 5 spell levels left.
You didn't know any spells.
Your spell library contained the following spells:

 Spells                   Type           Power      Damage    Failure   Level
 Apportation              Tloc           0%         N/A       38%         1
 Necrotise                Necr           0%         1d4       38%         1
 Summon Small Mammal      Summ           0%         N/A       38%         1


Dungeon Overview and Level Annotations

Branches:
Dungeon (4/15)              Sewer (visited)
 Temple: D:4-7

Altars:
Cheibriados

Annotations:
D:4 Natasha


Innate Abilities, Weirdness & Mutations

You are a bat.
You are tiny and dextrous.
You move quickly.
You are flying.
Your equipment is almost entirely melded.
You are incapable of wielding weapons or throwing items.
You cannot cast spells.
You are immune to sickness and miasma.
((Your stone body is resilient. (AC +4)))
You are immune to poison.
You resist negative energy. (rN+)
((You are resistant to electric shocks. (rElec)))
You are resistant to unholy torment.
You are immune to petrification.


Message History

Natasha is heavily wounded.
The cerulean imp hits you but does no damage.
Natasha zaps a wand.
You resist with some effort.
The cerulean imp hits you but does no damage.
The white imp gestures at you. The puff of frost hits you!
The cerulean imp closely misses you.
You hit Natasha.
Your weapon exudes an aura of protection.
Natasha is severely wounded.
Natasha mewls in sadness.
Natasha zaps a wand.
You resist with some effort.
The cerulean imp hits you from afar with a +1 spear.
The white imp hits you but does no damage.
The cerulean imp hits you from afar with a +0 spear.
You hit Natasha.
Natasha is severely wounded.
Natasha zaps a wand.
You turn into a bat.
Your +2 mace of protection melds into your body.
Your +0 buckler melds into your body.
Your +0 chain mail melds into your body.
Your +2 mace of protection goes still.
The cerulean imp hits you from afar with a +1 spear.
The white imp completely misses you. The cerulean imp barely misses you.
You hit Natasha but do no damage.
Natasha is severely wounded.
Natasha casts a spell.
The cerulean imp barely misses you. The white imp gestures at you.
The puff of frost hits you!
The cerulean imp hits you from afar with a +0 spear.
* * * LOW HITPOINT WARNING * * *
You hit Natasha but do no damage.
Natasha is severely wounded.
Natasha claws you.
* * * LOW HITPOINT WARNING * * *
The cerulean imp hits you from afar with a +1 spear.
* * * LOW HITPOINT WARNING * * *
The white imp closely misses you.
The cerulean imp hits you from afar with a +0 spear.
You die...

#.##.#
####......+..+.._..'..'..#
#.##.#
##.....#..#.....#..##.#
.....#
#.....#..#+###'#..##..
.###.#
##+#...#..#.....#..#... .#
#.#
##...##.+##+##+##'##+.##
.###.#
#./...###.....#.....####
.....#
.......##.....#.....# #
....####
.$...5?.###'##+##'######
.......+
......hb'...............
....####
.....55.####...#.#.####.
.#.## ......5## ##....#.#
#. .### #.....# #..###.#
#. .# ##...# #..###.# #.
.# ##+# #......# #. .# #.#
##.##### #. .#
#.##########.# #### .#
##.#........#.# #...


You could see Natasha, 3 cerulean imps and a white imp.

Vanquished Creatures
  A gnoll bouda (D:2)
  A sleepcap (D:4)
  7 adders
  3 gnolls (D:2)
  3 river rats
  3 worms (D:3)
  2 dart slugs
  5 orcs (D:4)
  10 ball pythons
  8 endoplasms
  5 giant cockroaches
  10 goblins
  8 hobgoblins
  8 jackals
  3 kobolds
  3 quokkas (D:1)
  8 bats
  7 frilled lizards
  15 rats
110 creatures vanquished.

Notes
Turn   | Place    | Note
-------+----------+-------------------------------------------
     0 | D:1      | Dittersdorf the Gargoyle Fighter began the quest for the
                  | Orb.
     0 | D:1      | Reached XP level 1. HP: 14/14 MP: 1/1
    39 | D:1      | Reached XP level 2. HP: 13/19 MP: 2/2
   301 | D:1      | Reached XP level 3. HP: 22/23 MP: 3/3
   898 | D:2      | Identified the +5 robe of the Elephant {-Tele Harm rC++
                  | Dex+2}
  1019 | D:2      | Reached XP level 4. HP: 29/29 MP: 4/4
  1158 | D:2      | Reached XP level 5. HP: 22/33 MP: 5/5
  1624 | D:3      | Found a faded altar of an unknown god.
  1671 | D:3      | Found a glowing drain.
  1675 | Sewer    | Entered a sewer
  1919 | Sewer    | Reached XP level 6. HP: 39/39 MP: 6/6
  2779 | D:4      | Found a snail-covered altar of Cheibriados.
  3256 | D:4      | Noticed Natasha
  3266 | D:4      | HP: 2/40 [cerulean imp/+1 spear[Natasha] (6)]
  3266 | D:4      | Slain by a cerulean imp

Illustrated notes

Levels and vault maps discovered:
D:1:      ldierk_walled_garden_2, layout_basic
D:2:      layout_loops_ring
D:3:      layout_basic, ebering_ecumenical_altar_rust, portal_sewer_entry_e
D:4:      layout_loops_corners, mainiacjoe_overflow_24_doors, uniq_natasha

Skill      XL: |  1  2  3  4 |
---------------+-------------+-----
Fighting       | 4 |  4.8
Armour         | 4 |  4.6
Shields        | 4 |  4.7
Maces & Flails | 3 |  3.6

Action                     |  1- 3 |  4- 6 || total
---------------------------+-------+-------++-------
  Melee: Flail             |    79 |       ||    79
         Mace              |    43 |   212 ||   255
         Unarmed           |       |     2 ||     2
    Use: Scroll            |       |     2 ||     2
 Armour: Scale mail        |    74 |   121 ||   195
         Chain mail        |       |    38 ||    38
         Skin              |       |     6 ||     6
  Dodge: Dodged            |    50 |   100 ||   150
  Block: Buckler           |    31 |    49 ||    80

Table legend: (Time is in decaauts)
 A = Elapsed time spent in this place.
 B = Non-inter-level travel time spent in this place.
 C = Inter-level travel time spent in this place.
 D = Time resting spent in this place.
 E = Time spent auto-exploring this place.
 F = Levels seen in this place.
 G = Mean time per level.
                   A        B        C        D        E       F      G
               +--------+--------+--------+--------+--------+-----+--------+
         Total |   3401 |   3147 |    254 |      0 |   2342 |   5 |  680.2 |
       Dungeon |   3063 |   2809 |    254 |      0 |   2094 |   4 |  765.8 |
         Sewer |    338 |    338 |      0 |      0 |    248 |   1 |  338.0 |
               +--------+--------+--------+--------+--------+-----+--------+

Top non-repeatable levels by time:
     D:3: 946 daAuts
     D:2: 812 daAuts
     D:1: 780 daAuts
     D:4: 524 daAuts
   Sewer: 338 daAuts
